Workbook

Sheet Input 1
V2: =SUBTOTAL(9,V4:V22) -> 1368 | W2: =SUBTOTAL(9,W4:W22) -> 1368
B3: Description 2 | C3: Marque 2 | D3: Period | E3: Description | F3: Marque | G3: Axe | H3: Pays | I3: Devise | J3: Jan | K3: Feb | L3: Mar | M3: Apr | N3: May | O3: Jun | P3: Jul | Q3: Aug | R3: Sep | S3: Oct | T3: Nov | U3: Dec | V3: FY '000 | W3: FY EUR '000 | X3: Comments
B4: =IFERROR(VLOOKUP(E4,Map!$B:$C,2,0),"") -> Gross Sales | C4: =IFERROR(VLOOKUP(F4,Map!E:F,2,0),"") -> 1 | D4: A19 | E4: Gross Sales | F4: A | G4: FRG | H4: SA | I4: EUR | J4: 1 | K4: 1 | L4: 1 | M4: 1 | N4: 1 | O4: 1 | P4: 1 | Q4: 1 | R4: 1 | S4: 1 | T4: 1 | U4: 1 | V4: =IF(I4="%",0,SUM(J4:U4)) -> 12 | W4: =IF(I4="USD",V4/VLOOKUP(D4,Map!$A$2:$N$7,14,0),'Input 1'!V4) -> 12
B5: =IFERROR(VLOOKUP(E5,Map!$B:$C,2,0),"") -> Gross Sales | C5: =IFERROR(VLOOKUP(F5,Map!E:F,2,0),"") -> 2 | D5: A19 | E5: Gross Sales | F5: B | G5: FRG | H5: AE 1 | I5: EUR | J5: 2 | K5: 2 | L5: 2 | M5: 2 | N5: 2 | O5: 2 | P5: 2 | Q5: 2 | R5: 2 | S5: 2 | T5: 2 | U5: 2 | V5: =IF(I5="%",0,SUM(J5:U5)) -> 24 | W5: =IF(I5="USD",V5/VLOOKUP(D5,Map!$A$2:$N$7,14,0),'Input 1'!V5) -> 24
B6: =IFERROR(VLOOKUP(E6,Map!$B:$C,2,0),"") -> Gross Sales | C6: =IFERROR(VLOOKUP(F6,Map!E:F,2,0),"") -> 2 | D6: A19 | E6: Gross Sales | F6: C | G6: MUP | H6: AE 1 | I6: EUR | J6: 3 | K6: 3 | L6: 3 | M6: 3 | N6: 3 | O6: 3 | P6: 3 | Q6: 3 | R6: 3 | S6: 3 | T6: 3 | U6: 3 | V6: =IF(I6="%",0,SUM(J6:U6)) -> 36 | W6: =IF(I6="USD",V6/VLOOKUP(D6,Map!$A$2:$N$7,14,0),'Input 1'!V6) -> 36
B7: =IFERROR(VLOOKUP(E7,Map!$B:$C,2,0),"") -> Gross Sales | C7: =IFERROR(VLOOKUP(F7,Map!E:F,2,0),"") -> 1 | D7: A20 | E7: Gross Sales | F7: A | G7: MUP | H7: KW | I7: EUR | J7: 4 | K7: 4 | L7: 4 | M7: 4 | N7: 4 | O7: 4 | P7: 4 | Q7: 4 | R7: 4 | S7: 4 | T7: 4 | U7: 4 | V7: =IF(I7="%",0,SUM(J7:U7)) -> 48 | W7: =IF(I7="USD",V7/VLOOKUP(D7,Map!$A$2:$N$7,14,0),'Input 1'!V7) -> 48
B8: =IFERROR(VLOOKUP(E8,Map!$B:$C,2,0),"") -> Gross Sales | C8: =IFERROR(VLOOKUP(F8,Map!E:F,2,0),"") -> 2 | D8: A20 | E8: Gross Sales | F8: C | G8: SC | H8: AE 1 | I8: EUR | J8: 5 | K8: 5 | L8: 5 | M8: 5 | N8: 5 | O8: 5 | P8: 5 | Q8: 5 | R8: 5 | S8: 5 | T8: 5 | U8: 5 | V8: =IF(I8="%",0,SUM(J8:U8)) -> 60 | W8: =IF(I8="USD",V8/VLOOKUP(D8,Map!$A$2:$N$7,14,0),'Input 1'!V8) -> 60
B9: =IFERROR(VLOOKUP(E9,Map!$B:$C,2,0),"") -> WholeSales | C9: =IFERROR(VLOOKUP(F9,Map!E:F,2,0),"") -> 1 | D9: A19 | E9: WholeSales | F9: A | G9: FRG | H9: SA | I9: EUR | J9: 6 | K9: 6 | L9: 6 | M9: 6 | N9: 6 | O9: 6 | P9: 6 | Q9: 6 | R9: 6 | S9: 6 | T9: 6 | U9: 6 | V9: =IF(I9="%",0,SUM(J9:U9)) -> 72 | W9: =IF(I9="USD",V9/VLOOKUP(D9,Map!$A$2:$N$7,14,0),'Input 1'!V9) -> 72
B10: =IFERROR(VLOOKUP(E10,Map!$B:$C,2,0),"") -> WholeSales | C10: =IFERROR(VLOOKUP(F10,Map!E:F,2,0),"") -> 2 | D10: A19 | E10: WholeSales | F10: B | G10: FRG | H10: AE 1 | I10: EUR | J10: 7 | K10: 7 | L10: 7 | M10: 7 | N10: 7 | O10: 7 | P10: 7 | Q10: 7 | R10: 7 | S10: 7 | T10: 7 | U10: 7 | V10: =IF(I10="%",0,SUM(J10:U10)) -> 84 | W10: =IF(I10="USD",V10/VLOOKUP(D10,Map!$A$2:$N$7,14,0),'Input 1'!V10) -> 84
B11: =IFERROR(VLOOKUP(E11,Map!$B:$C,2,0),"") -> WholeSales | C11: =IFERROR(VLOOKUP(F11,Map!E:F,2,0),"") -> 2 | D11: A19 | E11: WholeSales | F11: C | G11: MUP | H11: IR | I11: EUR | J11: 8 | K11: 8 | L11: 8 | M11: 8 | N11: 8 | O11: 8 | P11: 8 | Q11: 8 | R11: 8 | S11: 8 | T11: 8 | U11: 8 | V11: =IF(I11="%",0,SUM(J11:U11)) -> 96 | W11: =IF(I11="USD",V11/VLOOKUP(D11,Map!$A$2:$N$7,14,0),'Input 1'!V11) -> 96
B12: =IFERROR(VLOOKUP(E12,Map!$B:$C,2,0),"") -> WholeSales | C12: =IFERROR(VLOOKUP(F12,Map!E:F,2,0),"") -> 1 | D12: LE3 20 | E12: WholeSales | F12: A | G12: MUP | H12: EG | I12: EUR | J12: 9 | K12: 9 | L12: 9 | M12: 9 | N12: 9 | O12: 9 | P12: 9 | Q12: 9 | R12: 9 | S12: 9 | T12: 9 | U12: 9 | V12: =IF(I12="%",0,SUM(J12:U12)) -> 108 | W12: =IF(I12="USD",V12/VLOOKUP(D12,Map!$A$2:$N$7,14,0),'Input 1'!V12) -> 108
B13: =IFERROR(VLOOKUP(E13,Map!$B:$C,2,0),"") -> WholeSales | C13: =IFERROR(VLOOKUP(F13,Map!E:F,2,0),"") -> 3 | D13: LE3 20 | E13: WholeSales | F13: G | G13: FRG | H13: LB | I13: EUR | J13: 10 | K13: 10 | L13: 10 | M13: 10 | N13: 10 | O13: 10 | P13: 10 | Q13: 10 | R13: 10 | S13: 10 | T13: 10 | U13: 10 | V13: =IF(I13="%",0,SUM(J13:U13)) -> 120 | W13: =IF(I13="USD",V13/VLOOKUP(D13,Map!$A$2:$N$7,14,0),'Input 1'!V13) -> 120
B14: =IFERROR(VLOOKUP(E14,Map!$B:$C,2,0),"") -> Freight | C14: =IFERROR(VLOOKUP(F14,Map!E:F,2,0),"") -> 1 | D14: A19 | E14: Freight | F14: A | G14: MUP | H14: Region | I14: EUR | J14: 11 | K14: 11 | L14: 11 | M14: 11 | N14: 11 | O14: 11 | P14: 11 | Q14: 11 | R14: 11 | S14: 11 | T14: 11 | U14: 11 | V14: =IF(I14="%",0,SUM(J14:U14)) -> 132 | W14: =IF(I14="USD",V14/VLOOKUP(D14,Map!$A$2:$N$7,14,0),'Input 1'!V14) -> 132
B15: =IFERROR(VLOOKUP(E15,Map!$B:$C,2,0),"") -> Freight | C15: =IFERROR(VLOOKUP(F15,Map!E:F,2,0),"") -> 2 | D15: A19 | E15: Freight | F15: B | G15: FRG | H15: Region | I15: EUR | J15: 12 | K15: 12 | L15: 12 | M15: 12 | N15: 12 | O15: 12 | P15: 12 | Q15: 12 | R15: 12 | S15: 12 | T15: 12 | U15: 12 | V15: =IF(I15="%",0,SUM(J15:U15)) -> 144 | W15: =IF(I15="USD",V15/VLOOKUP(D15,Map!$A$2:$N$7,14,0),'Input 1'!V15) -> 144
... B20: =IFERROR(VLOOKUP(E20,Map!$B:$C,2,0),"") -> Gross Sales | C20: =IFERROR(VLOOKUP(F20,Map!E:F,2,0),"") -> 2 | D20: A19 | E20: Gross Sales | F20: C | G20: MUP | H20: EG | I20: EUR | J20: 3 | K20: 3 | L20: 3 | M20: 3 | N20: 3 | O20: 3 | P20: 3 | Q20: 3 | R20: 3 | S20: 3 | T20: 3 | U20: 3 | V20: =IF(I20="%",0,SUM(J20:U20)) -> 36 | W20: =IF(I20="USD",V20/VLOOKUP(D20,Map!$A$2:$N$7,14,0),'Input 1'!V20) -> 36

Sheet Map
A1: Period | B1: Description | C1: Description 2 | D1: P&L Lines | E1: Brand 1 | F1: Brand 2 | G1: Axe | H1: Country | I1: Channel | J1: Currency / % | K1: Rate 2020 | L1: Rate 2019 | M1: Department | N1: Exchange Rate | O1: P&L View | P1: Price Differential A19 | Q1: Price Differential A20 | R1: Price Differential LE2 20 | S1: Price Differential LE3 20
A2: A19 | B2: Gross Sales | C2: Gross Sales | D2: Digital Media | E2: A | F2: 1 | G2: Total | H2: Region | I2: 1 | J2: EUR | K2: 1 | L2: 1 | M2: Commercial | N2: 1.164 | O2: Standard | P2: 0.06546639 | Q2: 0.06546639 | R2: 0.06546639 | S2: 0.06546639
A3: A20 | B3: WholeSales | C3: WholeSales | D3: Traditional Media | E3: B | F3: 2 | G3: FRG | H3: AE 1 | I3: 2 | J3: USD | K3: 1.171 | L3: 1.164 | M3: Marketing | N3: 1.171 | O3: Actual | P3: 0.08 | Q3: 0.08 | R3: 0.08 | S3: 0.08
A4: LE1 20 | B4: Returns | C4: Returns | D4: Media Agency Fees | E4: C | F4: 2 | G4: MUP | H4: AE 2 | J4: % | M4: Finance | N4: 1.171 | P4: 0.08 | Q4: 0.08 | R4: 0.08 | S4: 0.08
A5: LE2 20 | B5: Returns Provision | C5: Returns | D5: Media Production | E5: D | F5: 2 | G5: SC | H5: SA | N5: 1.171 | P5: 0.08 | Q5: 0.08 | R5: 0.08 | S5: 0.08
A6: LE3 20 | B6: Rebates & trade discounts | C6: Rebates & trade discounts | D6: Models/Influencers | E6: E | F6: 2 | H6: KW | N6: 1.171 | P6: 0.08 | Q6: 0.08 | R6: 0.08 | S6: 0.08
A7: BG 21 | B7: COGS | C7: COGS | D7: Samples | E7: F | F7: 2 | H7: QA | N7: 1.171 | P7: 0.08 | Q7: 0.08 | R7: 0.08 | S7: 0.08
B8: Freight | C8: Freight | D8: Testers | E8: G | F8: 3 | H8: LB | P8: 0 | Q8: 0 | R8: 0 | S8: 0
D9: Gift With Purchase | E9: NARS | F9: 4 | H9: EG | P9: 0.27045379 | Q9: 0.27045379 | R9: 0.27045379 | S9: 0.27045379
D10: POSM Inventory Change | E10: LM | F10: 5 | H10: JD | P10: 0.066316472 | Q10: 0.066316472 | R10: 0.066316472 | S10: 0.066316472
D11: Other POSM | E11: SL | F11: 6 | H11: OM | P11: 0 | Q11: 0 | R11: 0 | S11: 0
D12: Beauty Consultant | E12: CPB | F12: 7 | H12: YE | P12: 0 | Q12: 0 | R12: 0 | S12: 0
D13: Agent Service Fees | E13: DE | F13: 8 | H13: IR | P13: 0 | Q13: 0 | R13: 0 | S13: 0
D14: Event / PR | E14: SGME | F14: 9 | H14: IQ | P14: 0 | Q14: 0 | R14: 0 | S14: 0
D15: Education and Training | F15: 10 | H15: BH | P15: 0.089352358 | Q15: 0.089352358 | R15: 0.089352358 | S15: 0.089352358
D16: Fixtures Depreciation | H16: Total
D17: Visual Merchandising
D18: Other Digital Expenses
D19: Selling Contribution
D20: Other Marketing & Selling Expenses
D21: Other Personnel
D22: Other GA Expenses

Sheet Resultat
B2: Marque | C2: Pays
B3: Total | C3: SA
B4: Axe | C4: Devise
B5: FRG | C5: EUR
E6: A19 | H6: A20 | K6: LE2 20 | N6: LE3 20
B8: WholeSales | E8: =(IF(AND($B$3="Total",$C$3="Total",$B$5="Total"),SUMIFS('Input 1'!$W:$W,'Input 1'!$D:$D,Resultat!E$6,'Input 1'!$B:$B,Resultat!$B8),0)+IF(AND($B$3="Total",$C$3="Total"),SUMIFS('Input 1'!$W:$W,'Input 1'!$D:$D,Resultat!E$6,'Input 1'!$B:$B,Resultat!$B8,'Input 1'!$G:$G,Resultat!$B$5),0)+IF(AND($B$3="Total",$B$5="Total"),SUMIFS('Input 1'!$W:$W,'Input 1'!$D:$D,Resultat!E$6,'Input 1'!$B:$B,Resultat!$B8,'Input 1'!$H:$H,Resultat!$C$3),0)+IF(AND($C$3="Total",$B$5="Total"),SUMIFS('Input 1'!$W:$W,'Input 1'!$D:$D,Resultat!E$6,'Input 1'!$B:$B,Resultat!$B8,'Input 1'!$C:$C,Resultat!$B$3),0)+IF(AND($B$3="Total"),SUMIFS('Input 1'!$W:$W,'Input 1'!$D:$D,Resultat!E$6,'Input 1'!$B:$B,Resultat!$B8,'Input 1'!$H:$H,Resultat!$C$3,'Input 1'!$G:$G,Resultat!$B$5),0)+IF(AND($B$5="Total"),SUMIFS('Input 1'!$W:$W,'Input 1'!$D:$D,Resultat!E$6,'Input 1'!$B:$B,Resultat!$B8,'Input 1'!$C:$C,Resultat!$B$3,'Input 1'!$H:$H,Resultat!$C$3),0)+IF(AND($C$3="Total"),SUMIFS('Input 1'!$W:$W,'Input 1'!$D:$D,Resultat!E$6,'Input 1'!$B:$B,Resultat!$B8,'Input 1'!$C:$C,Resultat!$B$3,'Input 1'!$G:$G,Resultat!$B$5),0)+SUMIFS('Input 1'!$W:$W,'Input 1'!$C:$C,Resultat!$B$3,'Input 1'!$H:$H,Resultat!$C$3,'Input 1'!$G:$G,Resultat!$B$5,'Input 1'!$D:$D,Resultat!E$6,'Input 1'!$B:$B,Resultat!$B8))*VLOOKUP($C$5,Map!$J$2:$L$3,3,0) -> 72 | F8: =IFERROR(E8/E$10,"") -> 6 | H8: =(IF(AND($B$3="Total",$C$3="Total",$B$5="Total"),SUMIFS('Input 1'!$W:$W,'Input 1'!$D:$D,Resultat!H$6,'Input 1'!$B:$B,Resultat!$B8),0)+IF(AND($B$3="Total",$C$3="Total"),SUMIFS('Input 1'!$W:$W,'Input 1'!$D:$D,Resultat!H$6,'Input 1'!$B:$B,Resultat!$B8,'Input 1'!$G:$G,Resultat!$B$5),0)+IF(AND($B$3="Total",$B$5="Total"),SUMIFS('Input 1'!$W:$W,'Input 1'!$D:$D,Resultat!H$6,'Input 1'!$B:$B,Resultat!$B8,'Input 1'!$H:$H,Resultat!$C$3),0)+IF(AND($C$3="Total",$B$5="Total"),SUMIFS('Input 1'!$W:$W,'Input 1'!$D:$D,Resultat!H$6,'Input 1'!$B:$B,Resultat!$B8,'Input 1'!$C:$C,Resultat!$B$3),0)+IF(AND($B$3="Total"),SUMIFS('Input 1'!$W:$W,'Input 1'!$D:$D,Resultat!H$6,'Input 1'!$B:$B,Resultat!$B8,'Input 1'!$H:$H,Resultat!$C$3,'Input 1'!$G:$G,Resultat!$B$5),0)+IF(AND($B$5="Total"),SUMIFS('Input 1'!$W:$W,'Input 1'!$D:$D,Resultat!H$6,'Input 1'!$B:$B,Resultat!$B8,'Input 1'!$C:$C,Resultat!$B$3,'Input 1'!$H:$H,Resultat!$C$3),0)+IF(AND($C$3="Total"),SUMIFS('Input 1'!$W:$W,'Input 1'!$D:$D,Resultat!H$6,'Input 1'!$B:$B,Resultat!$B8,'Input 1'!$C:$C,Resultat!$B$3,'Input 1'!$G:$G,Resultat!$B$5),0)+SUMIFS('Input 1'!$W:$W,'Input 1'!$C:$C,Resultat!$B$3,'Input 1'!$H:$H,Resultat!$C$3,'Input 1'!$G:$G,Resultat!$B$5,'Input 1'!$D:$D,Resultat!H$6,'Input 1'!$B:$B,Resultat!$B8))*VLOOKUP($C$5,Map!$J$2:$K$3,2,0) -> 0 | I8: =IFERROR(H8/H$10,"") | K8: =(IF(AND($B$3="Total",$C$3="Total",$B$5="Total"),SUMIFS('Input 1'!$W:$W,'Input 1'!$D:$D,Resultat!K$6,'Input 1'!$B:$B,Resultat!$B8),0)+IF(AND($B$3="Total",$C$3="Total"),SUMIFS('Input 1'!$W:$W,'Input 1'!$D:$D,Resultat!K$6,'Input 1'!$B:$B,Resultat!$B8,'Input 1'!$G:$G,Resultat!$B$5),0)+IF(AND($B$3="Total",$B$5="Total"),SUMIFS('Input 1'!$W:$W,'Input 1'!$D:$D,Resultat!K$6,'Input 1'!$B:$B,Resultat!$B8,'Input 1'!$H:$H,Resultat!$C$3),0)+IF(AND($C$3="Total",$B$5="Total"),SUMIFS('Input 1'!$W:$W,'Input 1'!$D:$D,Resultat!K$6,'Input 1'!$B:$B,Resultat!$B8,'Input 1'!$C:$C,Resultat!$B$3),0)+IF(AND($B$3="Total"),SUMIFS('Input 1'!$W:$W,'Input 1'!$D:$D,Resultat!K$6,'Input 1'!$B:$B,Resultat!$B8,'Input 1'!$H:$H,Resultat!$C$3,'Input 1'!$G:$G,Resultat!$B$5),0)+IF(AND($B$5="Total"),SUMIFS('Input 1'!$W:$W,'Input 1'!$D:$D,Resultat!K$6,'Input 1'!$B:$B,Resultat!$B8,'Input 1'!$C:$C,Resultat!$B$3,'Input 1'!$H:$H,Resultat!$C$3),0)+IF(AND($C$3="Total"),SUMIFS('Input 1'!$W:$W,'Input 1'!$D:$D,Resultat!K$6,'Input 1'!$B:$B,Resultat!$B8,'Input 1'!$C:$C,Resultat!$B$3,'Input 1'!$G:$G,Resultat!$B$5),0)+SUMIFS('Input 1'!$W:$W,'Input 1'!$C:$C,Resultat!$B$3,'Input 1'!$H:$H,Resultat!$C$3,'Input 1'!$G:$G,Resultat!$B$5,'Input 1'!$D:$D,Resultat!K$6,'Input 1'!$B:$B,Resultat!$B8))*VLOOKUP($C$5,Map!$J$2:$K$3,2,0) -> 0 | L8: =IFERROR(K8/K$10,"") | N8: =(IF(AND($B$3="Total",$C$3="Total",$B$5="Total"),SUMIFS('Input 1'!$W:$W,'Input 1'!$D:$D,Resultat!N$6,'Input 1'!$B:$B,Resultat!$B8),0)+IF(AND($B$3="Total",$C$3="Total"),SUMIFS('Input 1'!$W:$W,'Input 1'!$D:$D,Resultat!N$6,'Input 1'!$B:$B,Resultat!$B8,'Input 1'!$G:$G,Resultat!$B$5),0)+IF(AND($B$3="Total",$B$5="Total"),SUMIFS('Input 1'!$W:$W,'Input 1'!$D:$D,Resultat!N$6,'Input 1'!$B:$B,Resultat!$B8,'Input 1'!$H:$H,Resultat!$C$3),0)+IF(AND($C$3="Total",$B$5="Total"),SUMIFS('Input 1'!$W:$W,'Input 1'!$D:$D,Resultat!N$6,'Input 1'!$B:$B,Resultat!$B8,'Input 1'!$C:$C,Resultat!$B$3),0)+IF(AND($B$3="Total"),SUMIFS('Input 1'!$W:$W,'Input 1'!$D:$D,Resultat!N$6,'Input 1'!$B:$B,Resultat!$B8,'Input 1'!$H:$H,Resultat!$C$3,'Input 1'!$G:$G,Resultat!$B$5),0)+IF(AND($B$5="Total"),SUMIFS('Input 1'!$W:$W,'Input 1'!$D:$D,Resultat!N$6,'Input 1'!$B:$B,Resultat!$B8,'Input 1'!$C:$C,Resultat!$B$3,'Input 1'!$H:$H,Resultat!$C$3),0)+IF(AND($C$3="Total"),SUMIFS('Input 1'!$W:$W,'Input 1'!$D:$D,Resultat!N$6,'Input 1'!$B:$B,Resultat!$B8,'Input 1'!$C:$C,Resultat!$B$3,'Input 1'!$G:$G,Resultat!$B$5),0)+SUMIFS('Input 1'!$W:$W,'Input 1'!$C:$C,Resultat!$B$3,'Input 1'!$H:$H,Resultat!$C$3,'Input 1'!$G:$G,Resultat!$B$5,'Input 1'!$D:$D,Resultat!N$6,'Input 1'!$B:$B,Resultat!$B8))*VLOOKUP($C$5,Map!$J$2:$K$3,2,0) -> 0 | O8: =IFERROR(N8/N$10,"")
B10: GROSS SALES | E10: =(IF(AND($B$3="Total",$C$3="Total",$B$5="Total"),SUMIFS('Input 1'!$W:$W,'Input 1'!$D:$D,Resultat!E$6,'Input 1'!$B:$B,Resultat!$B10),0)+IF(AND($B$3="Total",$C$3="Total"),SUMIFS('Input 1'!$W:$W,'Input 1'!$D:$D,Resultat!E$6,'Input 1'!$B:$B,Resultat!$B10,'Input 1'!$G:$G,Resultat!$B$5),0)+IF(AND($B$3="Total",$B$5="Total"),SUMIFS('Input 1'!$W:$W,'Input 1'!$D:$D,Resultat!E$6,'Input 1'!$B:$B,Resultat!$B10,'Input 1'!$H:$H,Resultat!$C$3),0)+IF(AND($C$3="Total",$B$5="Total"),SUMIFS('Input 1'!$W:$W,'Input 1'!$D:$D,Resultat!E$6,'Input 1'!$B:$B,Resultat!$B10,'Input 1'!$C:$C,Resultat!$B$3),0)+IF(AND($B$3="Total"),SUMIFS('Input 1'!$W:$W,'Input 1'!$D:$D,Resultat!E$6,'Input 1'!$B:$B,Resultat!$B10,'Input 1'!$H:$H,Resultat!$C$3,'Input 1'!$G:$G,Resultat!$B$5),0)+IF(AND($B$5="Total"),SUMIFS('Input 1'!$W:$W,'Input 1'!$D:$D,Resultat!E$6,'Input 1'!$B:$B,Resultat!$B10,'Input 1'!$C:$C,Resultat!$B$3,'Input 1'!$H:$H,Resultat!$C$3),0)+IF(AND($C$3="Total"),SUMIFS('Input 1'!$W:$W,'Input 1'!$D:$D,Resultat!E$6,'Input 1'!$B:$B,Resultat!$B10,'Input 1'!$C:$C,Resultat!$B$3,'Input 1'!$G:$G,Resultat!$B$5),0)+SUMIFS('Input 1'!$W:$W,'Input 1'!$C:$C,Resultat!$B$3,'Input 1'!$H:$H,Resultat!$C$3,'Input 1'!$G:$G,Resultat!$B$5,'Input 1'!$D:$D,Resultat!E$6,'Input 1'!$B:$B,Resultat!$B10))*VLOOKUP($C$5,Map!$J$2:$L$3,3,0) -> 12 | F10: =IFERROR(E10/E$10,"") -> 1 | H10: =(IF(AND($B$3="Total",$C$3="Total",$B$5="Total"),SUMIFS('Input 1'!$W:$W,'Input 1'!$D:$D,Resultat!H$6,'Input 1'!$B:$B,Resultat!$B10),0)+IF(AND($B$3="Total",$C$3="Total"),SUMIFS('Input 1'!$W:$W,'Input 1'!$D:$D,Resultat!H$6,'Input 1'!$B:$B,Resultat!$B10,'Input 1'!$G:$G,Resultat!$B$5),0)+IF(AND($B$3="Total",$B$5="Total"),SUMIFS('Input 1'!$W:$W,'Input 1'!$D:$D,Resultat!H$6,'Input 1'!$B:$B,Resultat!$B10,'Input 1'!$H:$H,Resultat!$C$3),0)+IF(AND($C$3="Total",$B$5="Total"),SUMIFS('Input 1'!$W:$W,'Input 1'!$D:$D,Resultat!H$6,'Input 1'!$B:$B,Resultat!$B10,'Input 1'!$C:$C,Resultat!$B$3),0)+IF(AND($B$3="Total"),SUMIFS('Input 1'!$W:$W,'Input 1'!$D:$D,Resultat!H$6,'Input 1'!$B:$B,Resultat!$B10,'Input 1'!$H:$H,Resultat!$C$3,'Input 1'!$G:$G,Resultat!$B$5),0)+IF(AND($B$5="Total"),SUMIFS('Input 1'!$W:$W,'Input 1'!$D:$D,Resultat!H$6,'Input 1'!$B:$B,Resultat!$B10,'Input 1'!$C:$C,Resultat!$B$3,'Input 1'!$H:$H,Resultat!$C$3),0)+IF(AND($C$3="Total"),SUMIFS('Input 1'!$W:$W,'Input 1'!$D:$D,Resultat!H$6,'Input 1'!$B:$B,Resultat!$B10,'Input 1'!$C:$C,Resultat!$B$3,'Input 1'!$G:$G,Resultat!$B$5),0)+SUMIFS('Input 1'!$W:$W,'Input 1'!$C:$C,Resultat!$B$3,'Input 1'!$H:$H,Resultat!$C$3,'Input 1'!$G:$G,Resultat!$B$5,'Input 1'!$D:$D,Resultat!H$6,'Input 1'!$B:$B,Resultat!$B10))*VLOOKUP($C$5,Map!$J$2:$K$3,2,0) -> 0 | I10: =IFERROR(H10/H$10,"") | K10: =(IF(AND($B$3="Total",$C$3="Total",$B$5="Total"),SUMIFS('Input 1'!$W:$W,'Input 1'!$D:$D,Resultat!K$6,'Input 1'!$B:$B,Resultat!$B10),0)+IF(AND($B$3="Total",$C$3="Total"),SUMIFS('Input 1'!$W:$W,'Input 1'!$D:$D,Resultat!K$6,'Input 1'!$B:$B,Resultat!$B10,'Input 1'!$G:$G,Resultat!$B$5),0)+IF(AND($B$3="Total",$B$5="Total"),SUMIFS('Input 1'!$W:$W,'Input 1'!$D:$D,Resultat!K$6,'Input 1'!$B:$B,Resultat!$B10,'Input 1'!$H:$H,Resultat!$C$3),0)+IF(AND($C$3="Total",$B$5="Total"),SUMIFS('Input 1'!$W:$W,'Input 1'!$D:$D,Resultat!K$6,'Input 1'!$B:$B,Resultat!$B10,'Input 1'!$C:$C,Resultat!$B$3),0)+IF(AND($B$3="Total"),SUMIFS('Input 1'!$W:$W,'Input 1'!$D:$D,Resultat!K$6,'Input 1'!$B:$B,Resultat!$B10,'Input 1'!$H:$H,Resultat!$C$3,'Input 1'!$G:$G,Resultat!$B$5),0)+IF(AND($B$5="Total"),SUMIFS('Input 1'!$W:$W,'Input 1'!$D:$D,Resultat!K$6,'Input 1'!$B:$B,Resultat!$B10,'Input 1'!$C:$C,Resultat!$B$3,'Input 1'!$H:$H,Resultat!$C$3),0)+IF(AND($C$3="Total"),SUMIFS('Input 1'!$W:$W,'Input 1'!$D:$D,Resultat!K$6,'Input 1'!$B:$B,Resultat!$B10,'Input 1'!$C:$C,Resultat!$B$3,'Input 1'!$G:$G,Resultat!$B$5),0)+SUMIFS('Input 1'!$W:$W,'Input 1'!$C:$C,Resultat!$B$3,'Input 1'!$H:$H,Resultat!$C$3,'Input 1'!$G:$G,Resultat!$B$5,'Input 1'!$D:$D,Resultat!K$6,'Input 1'!$B:$B,Resultat!$B10))*VLOOKUP($C$5,Map!$J$2:$K$3,2,0) -> 0 | L10: =IFERROR(K10/K$10,"") | N10: =(IF(AND($B$3="Total",$C$3="Total",$B$5="Total"),SUMIFS('Input 1'!$W:$W,'Input 1'!$D:$D,Resultat!N$6,'Input 1'!$B:$B,Resultat!$B10),0)+IF(AND($B$3="Total",$C$3="Total"),SUMIFS('Input 1'!$W:$W,'Input 1'!$D:$D,Resultat!N$6,'Input 1'!$B:$B,Resultat!$B10,'Input 1'!$G:$G,Resultat!$B$5),0)+IF(AND($B$3="Total",$B$5="Total"),SUMIFS('Input 1'!$W:$W,'Input 1'!$D:$D,Resultat!N$6,'Input 1'!$B:$B,Resultat!$B10,'Input 1'!$H:$H,Resultat!$C$3),0)+IF(AND($C$3="Total",$B$5="Total"),SUMIFS('Input 1'!$W:$W,'Input 1'!$D:$D,Resultat!N$6,'Input 1'!$B:$B,Resultat!$B10,'Input 1'!$C:$C,Resultat!$B$3),0)+IF(AND($B$3="Total"),SUMIFS('Input 1'!$W:$W,'Input 1'!$D:$D,Resultat!N$6,'Input 1'!$B:$B,Resultat!$B10,'Input 1'!$H:$H,Resultat!$C$3,'Input 1'!$G:$G,Resultat!$B$5),0)+IF(AND($B$5="Total"),SUMIFS('Input 1'!$W:$W,'Input 1'!$D:$D,Resultat!N$6,'Input 1'!$B:$B,Resultat!$B10,'Input 1'!$C:$C,Resultat!$B$3,'Input 1'!$H:$H,Resultat!$C$3),0)+IF(AND($C$3="Total"),SUMIFS('Input 1'!$W:$W,'Input 1'!$D:$D,Resultat!N$6,'Input 1'!$B:$B,Resultat!$B10,'Input 1'!$C:$C,Resultat!$B$3,'Input 1'!$G:$G,Resultat!$B$5),0)+SUMIFS('Input 1'!$W:$W,'Input 1'!$C:$C,Resultat!$B$3,'Input 1'!$H:$H,Resultat!$C$3,'Input 1'!$G:$G,Resultat!$B$5,'Input 1'!$D:$D,Resultat!N$6,'Input 1'!$B:$B,Resultat!$B10))*VLOOKUP($C$5,Map!$J$2:$K$3,2,0) -> 0 | O10: =IFERROR(N10/N$10,"")
B12: Freight | E12: =(IF(AND($B$3="Total",$C$3="Total",$B$5="Total"),SUMIFS('Input 1'!$W:$W,'Input 1'!$D:$D,Resultat!E$6,'Input 1'!$B:$B,Resultat!$B12),0)+IF(AND($B$3="Total",$C$3="Total"),SUMIFS('Input 1'!$W:$W,'Input 1'!$D:$D,Resultat!E$6,'Input 1'!$B:$B,Resultat!$B12,'Input 1'!$G:$G,Resultat!$B$5),0)+IF(AND($B$3="Total",$B$5="Total"),SUMIFS('Input 1'!$W:$W,'Input 1'!$D:$D,Resultat!E$6,'Input 1'!$B:$B,Resultat!$B12,'Input 1'!$H:$H,Resultat!$C$3),0)+IF(AND($C$3="Total",$B$5="Total"),SUMIFS('Input 1'!$W:$W,'Input 1'!$D:$D,Resultat!E$6,'Input 1'!$B:$B,Resultat!$B12,'Input 1'!$C:$C,Resultat!$B$3),0)+IF(AND($B$3="Total"),SUMIFS('Input 1'!$W:$W,'Input 1'!$D:$D,Resultat!E$6,'Input 1'!$B:$B,Resultat!$B12,'Input 1'!$H:$H,Resultat!$C$3,'Input 1'!$G:$G,Resultat!$B$5),0)+IF(AND($B$5="Total"),SUMIFS('Input 1'!$W:$W,'Input 1'!$D:$D,Resultat!E$6,'Input 1'!$B:$B,Resultat!$B12,'Input 1'!$C:$C,Resultat!$B$3,'Input 1'!$H:$H,Resultat!$C$3),0)+IF(AND($C$3="Total"),SUMIFS('Input 1'!$W:$W,'Input 1'!$D:$D,Resultat!E$6,'Input 1'!$B:$B,Resultat!$B12,'Input 1'!$C:$C,Resultat!$B$3,'Input 1'!$G:$G,Resultat!$B$5),0)+SUMIFS('Input 1'!$W:$W,'Input 1'!$C:$C,Resultat!$B$3,'Input 1'!$H:$H,Resultat!$C$3,'Input 1'!$G:$G,Resultat!$B$5,'Input 1'!$D:$D,Resultat!E$6,'Input 1'!$B:$B,Resultat!$B12))*VLOOKUP($C$5,Map!$J$2:$L$3,3,0) -> 0 | F12: =IFERROR(E12/E$10,"") -> 0 | H12: =(IF(AND($B$3="Total",$C$3="Total",$B$5="Total"),SUMIFS('Input 1'!$W:$W,'Input 1'!$D:$D,Resultat!H$6,'Input 1'!$B:$B,Resultat!$B12),0)+IF(AND($B$3="Total",$C$3="Total"),SUMIFS('Input 1'!$W:$W,'Input 1'!$D:$D,Resultat!H$6,'Input 1'!$B:$B,Resultat!$B12,'Input 1'!$G:$G,Resultat!$B$5),0)+IF(AND($B$3="Total",$B$5="Total"),SUMIFS('Input 1'!$W:$W,'Input 1'!$D:$D,Resultat!H$6,'Input 1'!$B:$B,Resultat!$B12,'Input 1'!$H:$H,Resultat!$C$3),0)+IF(AND($C$3="Total",$B$5="Total"),SUMIFS('Input 1'!$W:$W,'Input 1'!$D:$D,Resultat!H$6,'Input 1'!$B:$B,Resultat!$B12,'Input 1'!$C:$C,Resultat!$B$3),0)+IF(AND($B$3="Total"),SUMIFS('Input 1'!$W:$W,'Input 1'!$D:$D,Resultat!H$6,'Input 1'!$B:$B,Resultat!$B12,'Input 1'!$H:$H,Resultat!$C$3,'Input 1'!$G:$G,Resultat!$B$5),0)+IF(AND($B$5="Total"),SUMIFS('Input 1'!$W:$W,'Input 1'!$D:$D,Resultat!H$6,'Input 1'!$B:$B,Resultat!$B12,'Input 1'!$C:$C,Resultat!$B$3,'Input 1'!$H:$H,Resultat!$C$3),0)+IF(AND($C$3="Total"),SUMIFS('Input 1'!$W:$W,'Input 1'!$D:$D,Resultat!H$6,'Input 1'!$B:$B,Resultat!$B12,'Input 1'!$C:$C,Resultat!$B$3,'Input 1'!$G:$G,Resultat!$B$5),0)+SUMIFS('Input 1'!$W:$W,'Input 1'!$C:$C,Resultat!$B$3,'Input 1'!$H:$H,Resultat!$C$3,'Input 1'!$G:$G,Resultat!$B$5,'Input 1'!$D:$D,Resultat!H$6,'Input 1'!$B:$B,Resultat!$B12))*VLOOKUP($C$5,Map!$J$2:$K$3,2,0) -> 0 | I12: =IFERROR(H12/H$10,"") | K12: =(IF(AND($B$3="Total",$C$3="Total",$B$5="Total"),SUMIFS('Input 1'!$W:$W,'Input 1'!$D:$D,Resultat!K$6,'Input 1'!$B:$B,Resultat!$B12),0)+IF(AND($B$3="Total",$C$3="Total"),SUMIFS('Input 1'!$W:$W,'Input 1'!$D:$D,Resultat!K$6,'Input 1'!$B:$B,Resultat!$B12,'Input 1'!$G:$G,Resultat!$B$5),0)+IF(AND($B$3="Total",$B$5="Total"),SUMIFS('Input 1'!$W:$W,'Input 1'!$D:$D,Resultat!K$6,'Input 1'!$B:$B,Resultat!$B12,'Input 1'!$H:$H,Resultat!$C$3),0)+IF(AND($C$3="Total",$B$5="Total"),SUMIFS('Input 1'!$W:$W,'Input 1'!$D:$D,Resultat!K$6,'Input 1'!$B:$B,Resultat!$B12,'Input 1'!$C:$C,Resultat!$B$3),0)+IF(AND($B$3="Total"),SUMIFS('Input 1'!$W:$W,'Input 1'!$D:$D,Resultat!K$6,'Input 1'!$B:$B,Resultat!$B12,'Input 1'!$H:$H,Resultat!$C$3,'Input 1'!$G:$G,Resultat!$B$5),0)+IF(AND($B$5="Total"),SUMIFS('Input 1'!$W:$W,'Input 1'!$D:$D,Resultat!K$6,'Input 1'!$B:$B,Resultat!$B12,'Input 1'!$C:$C,Resultat!$B$3,'Input 1'!$H:$H,Resultat!$C$3),0)+IF(AND($C$3="Total"),SUMIFS('Input 1'!$W:$W,'Input 1'!$D:$D,Resultat!K$6,'Input 1'!$B:$B,Resultat!$B12,'Input 1'!$C:$C,Resultat!$B$3,'Input 1'!$G:$G,Resultat!$B$5),0)+SUMIFS('Input 1'!$W:$W,'Input 1'!$C:$C,Resultat!$B$3,'Input 1'!$H:$H,Resultat!$C$3,'Input 1'!$G:$G,Resultat!$B$5,'Input 1'!$D:$D,Resultat!K$6,'Input 1'!$B:$B,Resultat!$B12))*VLOOKUP($C$5,Map!$J$2:$K$3,2,0) -> 0 | L12: =IFERROR(K12/K$10,"") | N12: =(IF(AND($B$3="Total",$C$3="Total",$B$5="Total"),SUMIFS('Input 1'!$W:$W,'Input 1'!$D:$D,Resultat!N$6,'Input 1'!$B:$B,Resultat!$B12),0)+IF(AND($B$3="Total",$C$3="Total"),SUMIFS('Input 1'!$W:$W,'Input 1'!$D:$D,Resultat!N$6,'Input 1'!$B:$B,Resultat!$B12,'Input 1'!$G:$G,Resultat!$B$5),0)+IF(AND($B$3="Total",$B$5="Total"),SUMIFS('Input 1'!$W:$W,'Input 1'!$D:$D,Resultat!N$6,'Input 1'!$B:$B,Resultat!$B12,'Input 1'!$H:$H,Resultat!$C$3),0)+IF(AND($C$3="Total",$B$5="Total"),SUMIFS('Input 1'!$W:$W,'Input 1'!$D:$D,Resultat!N$6,'Input 1'!$B:$B,Resultat!$B12,'Input 1'!$C:$C,Resultat!$B$3),0)+IF(AND($B$3="Total"),SUMIFS('Input 1'!$W:$W,'Input 1'!$D:$D,Resultat!N$6,'Input 1'!$B:$B,Resultat!$B12,'Input 1'!$H:$H,Resultat!$C$3,'Input 1'!$G:$G,Resultat!$B$5),0)+IF(AND($B$5="Total"),SUMIFS('Input 1'!$W:$W,'Input 1'!$D:$D,Resultat!N$6,'Input 1'!$B:$B,Resultat!$B12,'Input 1'!$C:$C,Resultat!$B$3,'Input 1'!$H:$H,Resultat!$C$3),0)+IF(AND($C$3="Total"),SUMIFS('Input 1'!$W:$W,'Input 1'!$D:$D,Resultat!N$6,'Input 1'!$B:$B,Resultat!$B12,'Input 1'!$C:$C,Resultat!$B$3,'Input 1'!$G:$G,Resultat!$B$5),0)+SUMIFS('Input 1'!$W:$W,'Input 1'!$C:$C,Resultat!$B$3,'Input 1'!$H:$H,Resultat!$C$3,'Input 1'!$G:$G,Resultat!$B$5,'Input 1'!$D:$D,Resultat!N$6,'Input 1'!$B:$B,Resultat!$B12))*VLOOKUP($C$5,Map!$J$2:$K$3,2,0) -> 0 | O12: =IFERROR(N12/N$10,"")
E16: A19 | H16: A20 | K16: LE2 20 | N16: LE3 20
B18: WholeSales | E18: {=SUMPRODUCT(('Input 1'!$V$4:$V$20)*('Input 1'!$B$4:$B$20=$B18)*('Input 1'!$D$4:$D$20=E$16)* IF($B$3="Total",1,'Input 1'!$C$4:$C$20=$B$3)*IF($C$3="Total",1,'Input 1'!$H$4:$H$20=$C$3)* IF($B$5="Total",1,'Input 1'!$G$4:$G$20=$B$5)*('Input 1'!$I$4:$I$20=$C$5))} -> 72 | F18: =IFERROR(E18/E$10,"") -> 6 | H18: {=SUMPRODUCT(('Input 1'!$V$4:$V$20)*('Input 1'!$B$4:$B$20=$B18)*('Input 1'!$D$4:$D$20=H$16)* IF($B$3="Total",1,'Input 1'!$C$4:$C$20=$B$3)*IF($C$3="Total",1,'Input 1'!$H$4:$H$20=$C$3)* IF($B$5="Total",1,'Input 1'!$G$4:$G$20=$B$5)*('Input 1'!$I$4:$I$20=$C$5))} -> 0 | I18: =IFERROR(H18/H$10,"") | K18: {=SUMPRODUCT(('Input 1'!$V$4:$V$20)*('Input 1'!$B$4:$B$20=$B18)*('Input 1'!$D$4:$D$20=K$16)* IF($B$3="Total",1,'Input 1'!$C$4:$C$20=$B$3)*IF($C$3="Total",1,'Input 1'!$H$4:$H$20=$C$3)* IF($B$5="Total",1,'Input 1'!$G$4:$G$20=$B$5)*('Input 1'!$I$4:$I$20=$C$5))} -> 0 | L18: =IFERROR(K18/K$10,"") | N18: {=SUMPRODUCT(('Input 1'!$V$4:$V$20)*('Input 1'!$B$4:$B$20=$B18)*('Input 1'!$D$4:$D$20=N$16)* IF($B$3="Total",1,'Input 1'!$C$4:$C$20=$B$3)*IF($C$3="Total",1,'Input 1'!$H$4:$H$20=$C$3)* IF($B$5="Total",1,'Input 1'!$G$4:$G$20=$B$5)*('Input 1'!$I$4:$I$20=$C$5))} -> 0 | O18: =IFERROR(N18/N$10,"")
B20: GROSS SALES | E20: {=SUMPRODUCT(('Input 1'!$V$4:$V$20)*('Input 1'!$B$4:$B$20=$B20)*('Input 1'!$D$4:$D$20=E$16)* IF($B$3="Total",1,'Input 1'!$C$4:$C$20=$B$3)*IF($C$3="Total",1,'Input 1'!$H$4:$H$20=$C$3)* IF($B$5="Total",1,'Input 1'!$G$4:$G$20=$B$5)*('Input 1'!$I$4:$I$20=$C$5))} -> 12 | F20: =IFERROR(E20/E$10,"") -> 1 | H20: {=SUMPRODUCT(('Input 1'!$V$4:$V$20)*('Input 1'!$B$4:$B$20=$B20)*('Input 1'!$D$4:$D$20=H$16)* IF($B$3="Total",1,'Input 1'!$C$4:$C$20=$B$3)*IF($C$3="Total",1,'Input 1'!$H$4:$H$20=$C$3)* IF($B$5="Total",1,'Input 1'!$G$4:$G$20=$B$5)*('Input 1'!$I$4:$I$20=$C$5))} -> 0 | I20: =IFERROR(H20/H$10,"") | K20: {=SUMPRODUCT(('Input 1'!$V$4:$V$20)*('Input 1'!$B$4:$B$20=$B20)*('Input 1'!$D$4:$D$20=K$16)* IF($B$3="Total",1,'Input 1'!$C$4:$C$20=$B$3)*IF($C$3="Total",1,'Input 1'!$H$4:$H$20=$C$3)* IF($B$5="Total",1,'Input 1'!$G$4:$G$20=$B$5)*('Input 1'!$I$4:$I$20=$C$5))} -> 0 | L20: =IFERROR(K20/K$10,"") | N20: {=SUMPRODUCT(('Input 1'!$V$4:$V$20)*('Input 1'!$B$4:$B$20=$B20)*('Input 1'!$D$4:$D$20=N$16)* IF($B$3="Total",1,'Input 1'!$C$4:$C$20=$B$3)*IF($C$3="Total",1,'Input 1'!$H$4:$H$20=$C$3)* IF($B$5="Total",1,'Input 1'!$G$4:$G$20=$B$5)*('Input 1'!$I$4:$I$20=$C$5))} -> 0 | O20: =IFERROR(N20/N$10,"")
B22: Freight | E22: {=SUMPRODUCT(('Input 1'!$V$4:$V$20)*('Input 1'!$B$4:$B$20=$B22)*('Input 1'!$D$4:$D$20=E$16)* IF($B$3="Total",1,'Input 1'!$C$4:$C$20=$B$3)*IF($C$3="Total",1,'Input 1'!$H$4:$H$20=$C$3)* IF($B$5="Total",1,'Input 1'!$G$4:$G$20=$B$5)*('Input 1'!$I$4:$I$20=$C$5))+SUMPRODUCT(('Input 1'!$V$4:$V$20)*('Input 1'!$B$4:$B$20=$B22)*('Input 1'!$D$4:$D$20=E$16)* IF($B$3="Total",1,'Input 1'!$C$4:$C$20=$B$3)*IF($C$3="Total",1,'Input 1'!$H$4:$H$20="Region")* IF($B$5="Total",1,'Input 1'!$G$4:$G$20=$B$5)*('Input 1'!$I$4:$I$20=$C$5))*SUMPRODUCT(('Allocation Table'!$B$2:$B$37=$E$16)*('Allocation Table'!$D$2:$D$37=$C$3)*(IF($B$3="Total",1,'Allocation Table'!$C$2:$C$37=$B$3)),'Allocation Table'!$E$2:$E$37)} -> 20.571429 | F22: =IFERROR(E22/E$10,"") -> 1.7142857 | H22: {=SUMPRODUCT(('Input 1'!$V$4:$V$20)*('Input 1'!$B$4:$B$20=$B22)*('Input 1'!$D$4:$D$20=H$16)* IF($B$3="Total",1,'Input 1'!$C$4:$C$20=$B$3)*IF($C$3="Total",1,'Input 1'!$H$4:$H$20=$C$3)* IF($B$5="Total",1,'Input 1'!$G$4:$G$20=$B$5)*('Input 1'!$I$4:$I$20=$C$5))} -> 0 | I22: =IFERROR(H22/H$10,"") | K22: {=SUMPRODUCT(('Input 1'!$V$4:$V$20)*('Input 1'!$B$4:$B$20=$B22)*('Input 1'!$D$4:$D$20=K$16)* IF($B$3="Total",1,'Input 1'!$C$4:$C$20=$B$3)*IF($C$3="Total",1,'Input 1'!$H$4:$H$20=$C$3)* IF($B$5="Total",1,'Input 1'!$G$4:$G$20=$B$5)*('Input 1'!$I$4:$I$20=$C$5))} -> 0 | L22: =IFERROR(K22/K$10,"") | N22: {=SUMPRODUCT(('Input 1'!$V$4:$V$20)*('Input 1'!$B$4:$B$20=$B22)*('Input 1'!$D$4:$D$20=N$16)* IF($B$3="Total",1,'Input 1'!$C$4:$C$20=$B$3)*IF($C$3="Total",1,'Input 1'!$H$4:$H$20=$C$3)* IF($B$5="Total",1,'Input 1'!$G$4:$G$20=$B$5)*('Input 1'!$I$4:$I$20=$C$5))} -> 0 | O22: =IFERROR(N22/N$10,"")
E24: {=SUMPRODUCT(('Input 1'!$V$4:$V$20)*('Input 1'!$B$4:$B$20=$B22)*('Input 1'!$D$4:$D$20=E$16)* IF($B$3="Total",1,'Input 1'!$C$4:$C$20=$B$3)*IF($C$3="Total",1,'Input 1'!$H$4:$H$20="Region")* IF($B$5="Total",1,'Input 1'!$G$4:$G$20=$B$5)*('Input 1'!$I$4:$I$20=$C$5))*SUMPRODUCT(('Allocation Table'!$B$2:$B$37=$E$16)*('Allocation Table'!$D$2:$D$37=$C$3)*(IF($B$3="Total",1,'Allocation Table'!$C$2:$C$37=$B$3)),'Allocation Table'!$E$2:$E$37)} -> 20.571429
E26: Si selection du Pays " Region" dans le premier onglet, j'aimerais allouer le cout a chaque pays selectioner en cellule c3 dans l'onglet "resultat" en fonction du pourcentage present dans la table d'allocation

Sheet Allocation Table
B1: Period | C1: Brand | D1: Market | E1: Weight of GS | G1: Gross Sales
B2: A19 | C2: 1 | D2: AE 1 | E2: =IFERROR(SUMIFS('Input 1'!$W:$W,'Input 1'!$D:$D,'Allocation Table'!B2,'Input 1'!$C:$C,'Allocation Table'!C2,'Input 1'!$H:$H,'Allocation Table'!D2,'Input 1'!$E:$E,'Allocation Table'!$G$1)/(SUMIFS('Input 1'!$W:$W,'Input 1'!$D:$D,'Allocation Table'!B2,'Input 1'!$C:$C,'Allocation Table'!C2,'Input 1'!$E:$E,'Allocation Table'!$G$1)-SUMIFS('Input 1'!$W:$W,'Input 1'!$D:$D,'Allocation Table'!B2,'Input 1'!$C:$C,'Allocation Table'!C2,'Input 1'!$E:$E,'Allocation Table'!$G$1,'Input 1'!$H:$H,"AE 2")),0%) -> 0
B3: A19 | C3: 1 | D3: SA | E3: =IFERROR(SUMIFS('Input 1'!$W:$W,'Input 1'!$D:$D,'Allocation Table'!B3,'Input 1'!$C:$C,'Allocation Table'!C3,'Input 1'!$H:$H,'Allocation Table'!D3,'Input 1'!$E:$E,'Allocation Table'!$G$1)/(SUMIFS('Input 1'!$W:$W,'Input 1'!$D:$D,'Allocation Table'!B3,'Input 1'!$C:$C,'Allocation Table'!C3,'Input 1'!$E:$E,'Allocation Table'!$G$1)-SUMIFS('Input 1'!$W:$W,'Input 1'!$D:$D,'Allocation Table'!B3,'Input 1'!$C:$C,'Allocation Table'!C3,'Input 1'!$E:$E,'Allocation Table'!$G$1,'Input 1'!$H:$H,"AE 2")),0%) -> 0.14285714
B4: A19 | C4: 1 | D4: KW | E4: =IFERROR(SUMIFS('Input 1'!$W:$W,'Input 1'!$D:$D,'Allocation Table'!B4,'Input 1'!$C:$C,'Allocation Table'!C4,'Input 1'!$H:$H,'Allocation Table'!D4,'Input 1'!$E:$E,'Allocation Table'!$G$1)/(SUMIFS('Input 1'!$W:$W,'Input 1'!$D:$D,'Allocation Table'!B4,'Input 1'!$C:$C,'Allocation Table'!C4,'Input 1'!$E:$E,'Allocation Table'!$G$1)-SUMIFS('Input 1'!$W:$W,'Input 1'!$D:$D,'Allocation Table'!B4,'Input 1'!$C:$C,'Allocation Table'!C4,'Input 1'!$E:$E,'Allocation Table'!$G$1,'Input 1'!$H:$H,"AE 2")),0%) -> 0
B5: A19 | C5: 1 | D5: QA | E5: =IFERROR(SUMIFS('Input 1'!$W:$W,'Input 1'!$D:$D,'Allocation Table'!B5,'Input 1'!$C:$C,'Allocation Table'!C5,'Input 1'!$H:$H,'Allocation Table'!D5,'Input 1'!$E:$E,'Allocation Table'!$G$1)/(SUMIFS('Input 1'!$W:$W,'Input 1'!$D:$D,'Allocation Table'!B5,'Input 1'!$C:$C,'Allocation Table'!C5,'Input 1'!$E:$E,'Allocation Table'!$G$1)-SUMIFS('Input 1'!$W:$W,'Input 1'!$D:$D,'Allocation Table'!B5,'Input 1'!$C:$C,'Allocation Table'!C5,'Input 1'!$E:$E,'Allocation Table'!$G$1,'Input 1'!$H:$H,"AE 2")),0%) -> 0.42857143
B6: A19 | C6: 1 | D6: LB | E6: =IFERROR(SUMIFS('Input 1'!$W:$W,'Input 1'!$D:$D,'Allocation Table'!B6,'Input 1'!$C:$C,'Allocation Table'!C6,'Input 1'!$H:$H,'Allocation Table'!D6,'Input 1'!$E:$E,'Allocation Table'!$G$1)/(SUMIFS('Input 1'!$W:$W,'Input 1'!$D:$D,'Allocation Table'!B6,'Input 1'!$C:$C,'Allocation Table'!C6,'Input 1'!$E:$E,'Allocation Table'!$G$1)-SUMIFS('Input 1'!$W:$W,'Input 1'!$D:$D,'Allocation Table'!B6,'Input 1'!$C:$C,'Allocation Table'!C6,'Input 1'!$E:$E,'Allocation Table'!$G$1,'Input 1'!$H:$H,"AE 2")),0%) -> 0
B7: A19 | C7: 1 | D7: EG | E7: =IFERROR(SUMIFS('Input 1'!$W:$W,'Input 1'!$D:$D,'Allocation Table'!B7,'Input 1'!$C:$C,'Allocation Table'!C7,'Input 1'!$H:$H,'Allocation Table'!D7,'Input 1'!$E:$E,'Allocation Table'!$G$1)/(SUMIFS('Input 1'!$W:$W,'Input 1'!$D:$D,'Allocation Table'!B7,'Input 1'!$C:$C,'Allocation Table'!C7,'Input 1'!$E:$E,'Allocation Table'!$G$1)-SUMIFS('Input 1'!$W:$W,'Input 1'!$D:$D,'Allocation Table'!B7,'Input 1'!$C:$C,'Allocation Table'!C7,'Input 1'!$E:$E,'Allocation Table'!$G$1,'Input 1'!$H:$H,"AE 2")),0%) -> 0
B8: A19 | C8: 1 | D8: JD | E8: =IFERROR(SUMIFS('Input 1'!$W:$W,'Input 1'!$D:$D,'Allocation Table'!B8,'Input 1'!$C:$C,'Allocation Table'!C8,'Input 1'!$H:$H,'Allocation Table'!D8,'Input 1'!$E:$E,'Allocation Table'!$G$1)/(SUMIFS('Input 1'!$W:$W,'Input 1'!$D:$D,'Allocation Table'!B8,'Input 1'!$C:$C,'Allocation Table'!C8,'Input 1'!$E:$E,'Allocation Table'!$G$1)-SUMIFS('Input 1'!$W:$W,'Input 1'!$D:$D,'Allocation Table'!B8,'Input 1'!$C:$C,'Allocation Table'!C8,'Input 1'!$E:$E,'Allocation Table'!$G$1,'Input 1'!$H:$H,"AE 2")),0%) -> 0.42857143
B9: A19 | C9: 1 | D9: OM | E9: =IFERROR(SUMIFS('Input 1'!$W:$W,'Input 1'!$D:$D,'Allocation Table'!B9,'Input 1'!$C:$C,'Allocation Table'!C9,'Input 1'!$H:$H,'Allocation Table'!D9,'Input 1'!$E:$E,'Allocation Table'!$G$1)/(SUMIFS('Input 1'!$W:$W,'Input 1'!$D:$D,'Allocation Table'!B9,'Input 1'!$C:$C,'Allocation Table'!C9,'Input 1'!$E:$E,'Allocation Table'!$G$1)-SUMIFS('Input 1'!$W:$W,'Input 1'!$D:$D,'Allocation Table'!B9,'Input 1'!$C:$C,'Allocation Table'!C9,'Input 1'!$E:$E,'Allocation Table'!$G$1,'Input 1'!$H:$H,"AE 2")),0%) -> 0
B10: A19 | C10: 1 | D10: YE | E10: =IFERROR(SUMIFS('Input 1'!$W:$W,'Input 1'!$D:$D,'Allocation Table'!B10,'Input 1'!$C:$C,'Allocation Table'!C10,'Input 1'!$H:$H,'Allocation Table'!D10,'Input 1'!$E:$E,'Allocation Table'!$G$1)/(SUMIFS('Input 1'!$W:$W,'Input 1'!$D:$D,'Allocation Table'!B10,'Input 1'!$C:$C,'Allocation Table'!C10,'Input 1'!$E:$E,'Allocation Table'!$G$1)-SUMIFS('Input 1'!$W:$W,'Input 1'!$D:$D,'Allocation Table'!B10,'Input 1'!$C:$C,'Allocation Table'!C10,'Input 1'!$E:$E,'Allocation Table'!$G$1,'Input 1'!$H:$H,"AE 2")),0%) -> 0
B11: A19 | C11: 1 | D11: IR | E11: =IFERROR(SUMIFS('Input 1'!$W:$W,'Input 1'!$D:$D,'Allocation Table'!B11,'Input 1'!$C:$C,'Allocation Table'!C11,'Input 1'!$H:$H,'Allocation Table'!D11,'Input 1'!$E:$E,'Allocation Table'!$G$1)/(SUMIFS('Input 1'!$W:$W,'Input 1'!$D:$D,'Allocation Table'!B11,'Input 1'!$C:$C,'Allocation Table'!C11,'Input 1'!$E:$E,'Allocation Table'!$G$1)-SUMIFS('Input 1'!$W:$W,'Input 1'!$D:$D,'Allocation Table'!B11,'Input 1'!$C:$C,'Allocation Table'!C11,'Input 1'!$E:$E,'Allocation Table'!$G$1,'Input 1'!$H:$H,"AE 2")),0%) -> 0
B12: A19 | C12: 1 | D12: IQ | E12: =IFERROR(SUMIFS('Input 1'!$W:$W,'Input 1'!$D:$D,'Allocation Table'!B12,'Input 1'!$C:$C,'Allocation Table'!C12,'Input 1'!$H:$H,'Allocation Table'!D12,'Input 1'!$E:$E,'Allocation Table'!$G$1)/(SUMIFS('Input 1'!$W:$W,'Input 1'!$D:$D,'Allocation Table'!B12,'Input 1'!$C:$C,'Allocation Table'!C12,'Input 1'!$E:$E,'Allocation Table'!$G$1)-SUMIFS('Input 1'!$W:$W,'Input 1'!$D:$D,'Allocation Table'!B12,'Input 1'!$C:$C,'Allocation Table'!C12,'Input 1'!$E:$E,'Allocation Table'!$G$1,'Input 1'!$H:$H,"AE 2")),0%) -> 0
B13: A19 | C13: 1 | D13: BH | E13: =IFERROR(SUMIFS('Input 1'!$W:$W,'Input 1'!$D:$D,'Allocation Table'!B13,'Input 1'!$C:$C,'Allocation Table'!C13,'Input 1'!$H:$H,'Allocation Table'!D13,'Input 1'!$E:$E,'Allocation Table'!$G$1)/(SUMIFS('Input 1'!$W:$W,'Input 1'!$D:$D,'Allocation Table'!B13,'Input 1'!$C:$C,'Allocation Table'!C13,'Input 1'!$E:$E,'Allocation Table'!$G$1)-SUMIFS('Input 1'!$W:$W,'Input 1'!$D:$D,'Allocation Table'!B13,'Input 1'!$C:$C,'Allocation Table'!C13,'Input 1'!$E:$E,'Allocation Table'!$G$1,'Input 1'!$H:$H,"AE 2")),0%) -> 0
... B37: A19 | C37: 3 | D37: BH | E37: =IFERROR(SUMIFS('Input 1'!$W:$W,'Input 1'!$D:$D,'Allocation Table'!B37,'Input 1'!$C:$C,'Allocation Table'!C37,'Input 1'!$H:$H,'Allocation Table'!D37,'Input 1'!$E:$E,'Allocation Table'!$G$1)/(SUMIFS('Input 1'!$W:$W,'Input 1'!$D:$D,'Allocation Table'!B37,'Input 1'!$C:$C,'Allocation Table'!C37,'Input 1'!$E:$E,'Allocation Table'!$G$1)-SUMIFS('Input 1'!$W:$W,'Input 1'!$D:$D,'Allocation Table'!B37,'Input 1'!$C:$C,'Allocation Table'!C37,'Input 1'!$E:$E,'Allocation Table'!$G$1,'Input 1'!$H:$H,"AE 2")),0%) -> 0
